[Event "*** MasterClass Titled Tuesday Blitz"]
[Site "Chess.com"]
[Date "2017.08.01"]
[Round "2"]
[White "AdrianaNikolova"]
[Black "Adham_Fawzy"]
[Result "0-1"]
[WhiteElo "2287"]
[BlackElo "2391"]
[TimeControl "180+2"]
[EndTime "13:21:38 PDT"]
[Termination "Adham_Fawzy won by resignation"]

1. e4 c5 2. Nf3 Nc6 3. d4 cxd4 4. Nxd4 e5 5. Nb5 d6 6. N5c3 Be7 7. Nd5 Nf6 8. Nxe7 Nxe7 9. Nc3 d5 10. exd5 Nfxd5 11. Nxd5 Nxd5 12. Bb5+ Bd7 13. Qxd5 Qa5+ 14. Bd2 Qxb5 15.
Qxb5 Bxb5 16. O-O-O f6 17. Rhe1 Kf7 18. f4 exf4 19. Bxf4 Rhe8 20. b3 g5 21. Bc7 h5 22. c4 Bc6 23. g3 Kg6 24. Rf1 Rac8 25. Ba5 Re6 26. Bc3 b5 27. c5 Bg2 28. Rf2 Rxc5 29.
Kb2 Be4 30. Rd7 Rec6 31. Bb4 Rc2+ 32. Rxc2 Rxc2+ 33. Ka3 Rxh2 34. Be7 a5 35. Rd6 Bb1 36. Rxf6+ Kg7 37. b4 a4 0-1

[Event "*** MasterClass Titled Tuesday Blitz"]
[Site "Chess.com"]
[Date "2017.08.01"]
[Round "2"]
[White "wonderfultime"]
[Black "Vect0rs"]
[Result "1-0"]
[WhiteElo "2656"]
[BlackElo "2253"]
[TimeControl "180+2"]
[EndTime "13:21:45 PDT"]
[Termination "wonderfultime won by resignation"]

1. d4 Nf6 2. c4 g6 3. Nc3 d5 4.
Nf3 Bg7 5. e3 O-O 6. Bd2 c5 7.
dxc5 dxc4 8. Bxc4 Nbd7 9. c6 bxc6 10. O-O Nc5 11. Qe2 Nce4 12. Rfd1 Nxd2 13. Rxd2 Qc7 14. Rc1 e6 15. h3 Qa5 16. b3 Nd5 17. Ne4 Nb6 18. Bd3 e5 19. Rxc6 Bf5 20. Rdc2 Qb4 21. Ng3 Bxd3 22. Qxd3 Rad8 23. Qe4 Rd1+ 24. Kh2 Qb5 25.
Qh4 e4 26. Qxe4 h5 27. R6c5 Qd7 28. Ng5 Bf6 29. Nxh5 Bxg5 30. Rxg5 Re8 31. Nf6+ Kf8 32. Nxd7+ Kg8 33. Qxe8+ 1-0

[Event "*** MasterClass Titled Tuesday Blitz"]
[Site "Chess.com"]
[Date "2017.08.01"]
[Round "2"]
[White "BIG_Pirate"]
[Black "FearlessKing64"]
[Result "0-1"]
[WhiteElo "2409"]
[BlackElo "2213"]
[TimeControl "180+2"]
[EndTime "13:21:45 PDT"]
[Termination "FearlessKing64 won by resignation"]

1. Nf3 Nf6 2. c4 g6 3. Nc3 d5 4. cxd5 Nxd5 5. g3 Bg7 6. Bg2 O-O 7. O-O Nxc3 8. bxc3 c5 9. Rb1 Nc6 10. Qa4 Qc7 11. Ba3 b6 12. Rfc1 Bd7 13. Qd1 Rad8 14.
d4 Na5 15. Qd3 e5 16. d5 e4 17. Qxe4 Bf5 18. Qa4 Bxb1 19. Rxb1 Rxd5 20. Nd4 Qd7 21. Nb5 Rd2 22. Bxc5 Rd8 23. Bf3 Rd1+ 24. Kg2 Rxb1 25.
Be3 0-1

[Event "*** MasterClass Titled Tuesday Blitz"]
[Site "Chess.com"]
[Date "2017.08.01"]
[Round "2"]
[White "Quiet_Desperation"]
[Black "dmjjmd"]
[Result "0-1"]
[WhiteElo "2097"]
[BlackElo "2153"]
[TimeControl "180+2"]
[EndTime "13:21:47 PDT"]
[Termination "dmjjmd won by resignation"]

1. e4 e5 2. Nf3 Nc6 3. Bb5 a6 4.
Ba4 Nf6 5. d3 b5 6. Bb3 Bc5 7.
c3 O-O 8. O-O d6 9. h3 Bb6 10.
Re1 Be6 11. Nbd2 Na5 12. Bc2 c5 13. Nf1 Nc6 14. Ng3 Re8 15. Nh4 d5 16. exd5 Nxd5 17. Nhf5 Qf6 18. d4 cxd4 19. Qg4 dxc3 20. Qh5 g6 21.
Qg4 cxb2 22. Bxb2 Kf8 23. Bc1 gxf5 24. Nxf5 Bxf5 25. Bxf5 Nce7 26. Bxh7 Bxf2+ 27. Kh2 Bxe1 28. Ba3 Qf4+ 0-1

[Event "*** MasterClass Titled Tuesday Blitz"]
[Site "Chess.com"]
[Date "2017.08.01"]
[Round "2"]
[White "LazarusIcarus"]
[Black "MMSANCHEZ"]
[Result "0-1"]
[WhiteElo "2195"]
[BlackElo "2297"]
[TimeControl "180+2"]
[EndTime "13:21:50 PDT"]
[Termination "MMSANCHEZ won by checkmate"]

1. e4 e6 2. d4 d5 3. Nd2 a6 4. Ngf3 Nf6 5. e5 Nfd7 6. Bd3 c5 7. c3 Nc6 8. O-O g5 9. dxc5 g4 10. Nd4 Ndxe5 11. N2b3 Nxd3 12. Qxd3 e5 13. Re1 Bg7 14. Nf5 Bxf5 15. Qxf5 Qd7 16. Qh5 O-O 17. Bh6 f5 18.
Bxg7 Qxg7 19. Rad1 Rad8 20. Re3 f4 21. Red3 Ne7 22.
Na5 Rf5 23. Qh4 Re8 24. h3 Rg5 25. Nxb7 gxh3 26. Qxh3 e4 27. R3d2 f3 28. g3 e3 29.
Rd4 Nf5 30. Rxd5 exf2+ 31. Kxf2 Rxg3 32. Rd8 Rg2+ 33. Kf1 Ne3+ 34. Ke1 Re2# 0-1

[Event "*** MasterClass Titled Tuesday Blitz"]
[Site "Chess.com"]
[Date "2017.08.01"]
[Round "2"]
[White "Fins0905"]
[Black "vellottiwizard"]
[Result "0-1"]
[WhiteElo "2401"]
[BlackElo "2538"]
[TimeControl "180+2"]
[EndTime "13:22:03 PDT"]
[Termination "vellottiwizard won by resignation"]

1. d4 Nf6 2. c4 e6 3. Nc3 Bb4 4. e3 O-O 5. Bd3 d5 6. cxd5 exd5 7. Nf3 c5 8. O-O Nc6 9. dxc5 Bxc5 10. a3 Qe7 11. b4 Bb6 12. Bb2 Rd8 13. Nb5 Bg4 14. Be2 Ne4 15. Nfd4 Bxe2 16. Qxe2 Ne5 17. Nf5 Qf6 18.
Nxg7 Qxg7 19. f4 Bxe3+ 20. Qxe3 Nc4 21. Qxe4 dxe4 22. Bxg7 Kxg7 23. f5 a6 24. Nc3 Rd4 25. f6+ Kg6 26. Rf4 Re8 27. Raf1 h5 28. Ne2 Rd2 29.
Ng3 Ne3 30. R1f2 Rd1+ 31. Nf1 Nd5 32. g3 Nxf4 33. gxf4 e3 34. Re2 Kf5 35. Kg2 Kxf4 36. Ng3 h4 37. Nh5+ Kg5 38. Ng7 Re5 39. Kf3 Kxf6 0-1

[Event "*** MasterClass Titled Tuesday Blitz"]
[Site "Chess.com"]
[Date "2017.08.01"]
[Round "2"]
[White "moventog"]
[Black "jeaston1"]
[Result "1-0"]
[WhiteElo "2349"]
[BlackElo "2190"]
[TimeControl "180+2"]
[EndTime "13:22:12 PDT"]
[Termination "moventog won by checkmate"]

1. e4 c6 2. Nc3 d5 3. Nf3 Bg4 4. h3 Bh5 5. d4 dxe4 6. Nxe4 e6 7. Ng3 Bxf3 8. Qxf3 Be7 9. Be3 Nd7 10.
Bd3 Ngf6 11. O-O O-O 12. c4 Re8 13. Rad1 Qa5 14. Bb1 Rad8 15. a3 Nf8 16. Qe2 Qc7 17. Rfe1 b6 18. Qf3 Ng6 19. Nh5 Nxh5 20. Qxh5 Bf6 21.
Rd2 c5 22. d5 exd5 23. cxd5 Re5 24. Qd1 Be7 25. g3 Bd6 26. Qf3 Re7 27. Red1 c4 28.
Bd4 Rde8 29. Kg2 b5 30. Bc3 a5 31. h4 b4 32. axb4 axb4 33. Bd4 Ne5 34. Qh5 g6 35.
Qh6 Ng4 36. Qg7# 1-0

[Event "*** MasterClass Titled Tuesday Blitz"]
[Site "Chess.com"]
[Date "2017.08.01"]
[Round "2"]
[White "cool64chess"]
[Black "Rickstereo"]
[Result "1-0"]
[WhiteElo "2133"]
[BlackElo "2117"]
[TimeControl "180+2"]
[EndTime "13:22:12 PDT"]
[Termination "cool64chess won on time"]

1. d4 Nf6 2. c4 c5 3. d5 b5 4. Qc2 bxc4 5. e4 d6 6. Bxc4 g6 7. Nf3 Bg7 8. O-O O-O 9. h3 Ba6 10. Na3 Qb6 11. Rb1 Nbd7 12. Bf4 Bxc4 13. Nxc4 Qa6 14. Rfd1 Rfd8 15. a3 Nb6 16. Nfd2 Nxc4 17. Nxc4 Nd7 18. Bg5 Re8 19. Be3 Rab8 20. f4 Nb6 21.
Nxb6 Rxb6 22. b4 Qxa3 23. Rd3 Qa6 24. bxc5 Rxb1+ 25. Qxb1 dxc5 26. Bxc5 Qa4 27. Ra3 Bd4+ 28. Kh2 1-0

[Event "*** MasterClass Titled Tuesday Blitz"]
[Site "Chess.com"]
[Date "2017.08.01"]
[Round "2"]
[White "Jungle_Jaguar"]
[Black "stefanodinn"]
[Result "1-0"]
[WhiteElo "2329"]
[BlackElo "2174"]
[TimeControl "180+2"]
[EndTime "13:22:17 PDT"]
[Termination "Jungle_Jaguar won by resignation"]

1. c4 c6 2. g3 d5 3. Bg2 Nf6 4. Nf3 Bf5 5. O-O e6 6. b3 h6 7. Bb2 Nbd7 8. d4 Bd6 9. Nbd2 O-O 10. Rc1 Qe7 11. Ne5 Ba3 12. Bxa3 Qxa3 13. Nxd7 Nxd7 14. e4 dxe4 15. Nxe4 Bxe4 16. Bxe4 Nf6 17. Bb1 Rfd8 18. Rc3 Rd7 19. Rd3 Rad8 20. Re1 Qb2 21. Re2 Qa1 22. Red2 Kh8 23. f3 c5 24. d5 exd5 25. cxd5 Rxd5 26. Rxd5 Rxd5 27. Rxd5 Nxd5 28. Qxd5 Qxb1+ 29. Kg2 Qc2+ 30. Kh3 Qg6 31. Qxb7 Qf5+ 32. g4 Qg6 33. Qxa7 Qc6 34. Qb8+ Kh7 35. Qf4 f6 36. Qe4+ 1-0

[Event "*** MasterClass Titled Tuesday Blitz"]
[Site "Chess.com"]
[Date "2017.08.01"]
[Round "2"]
[White "viggi38"]
[Black "ruvat"]
[Result "1-0"]
[WhiteElo "2384"]
[BlackElo "2289"]
[TimeControl "180+2"]
[EndTime "13:22:19 PDT"]
[Termination "viggi38 won by resignation"]

1. c4 d6 2. Nc3 e5 3. g3 g6 4. Bg2 Bg7 5. d3 Nf6 6. e4 O-O 7. Nge2 c6 8. O-O a6 9. h3 b5 10. Be3 Nbd7 11. f4 Rb8 12. Qd2 bxc4 13. dxc4 Qc7 14.
Rad1 Ne8 15. f5 Nc5 16. Bxc5 dxc5 17. b3 Qe7 18. Qe3 Nf6 19. Na4 Nd7 20. g4 Bf6 21.
Qd3 Bg5 22. Qd6 Qxd6 23. Rxd6 Be3+ 24. Kh2 f6 25. fxg6 hxg6 26. Rxc6 Kf7 27. Rf3 Bd4 28. g5 Ke7 29. gxf6+ Rxf6 30. Nxd4 Rxf3 31. Nxf3 1-0

[Event "*** MasterClass Titled Tuesday Blitz"]
[Site "Chess.com"]
[Date "2017.08.01"]
[Round "2"]
[White "quesfr"]
[Black "DiamondCrusher22"]
[Result "0-1"]
[WhiteElo "2124"]
[BlackElo "2040"]
[TimeControl "180+2"]
[EndTime "13:22:24 PDT"]
[Termination "DiamondCrusher22 won on time"]

1. e4 e5 2. Nf3 Nc6 3. Nc3 Nf6 4. a3 a5 5. d4 exd4 6. Nxd4 Bc5 7. Be3 Nxd4 8. Bxd4 Qe7 9. Bc4 O-O 10.
O-O d6 11. Bxc5 dxc5 12. Re1 Rd8 13. Qf3 Be6 14. Bxe6 Qxe6 15. h3 c6 16. Rad1 Nd7 17. Qe3 Qe7 18. f4 Nb6 19. b3 a4 0-1

[Event "*** MasterClass Titled Tuesday Blitz"]
[Site "Chess.com"]
[Date "2017.08.01"]
[Round "2"]
[White "Sven_Tica"]
[Black "Akshayraj_Kore"]
[Result "0-1"]
[WhiteElo "2385"]
[BlackElo "2364"]
[TimeControl "180+2"]
[EndTime "13:22:25 PDT"]
[Termination "Akshayraj_Kore won by resignation"]

1. d4 Nf6 2. c4 e6 3. g3 d5 4. Nf3 a6 5. Bg2 dxc4 6. O-O b5 7. Ne5 c6 8. Nxc6 Qb6 9. Na5 Ra7 10. Bd2 Rc7 11.
b4 cxb3 12. Nxb3 Bb7 13. Bf4 Rc8 14. N1d2 Bxg2 15. Kxg2 Ba3 16. e4 Bb2 17. Rb1 Bxd4 18. Nf3 Bc3 19. Qe2 O-O 20. Rfd1 Qb7 21. Bd6 Rfd8 22. e5 Nd5 23. Rbc1 Nd7 24. Kg1 h6 25. Nfd4 Bxd4 26. Nxd4 Nc3 27. Rxc3 Rxc3 28. Qg4 Rc4 29. f4 Qd5 30. Nb3 Nxe5 31. Qe2 Nf3+ 32. Kf2 Nd4 33. Rxd4 Rxd4 34. Be7 Rd7 0-1

[Event "*** MasterClass Titled Tuesday Blitz"]
[Site "Chess.com"]
[Date "2017.08.01"]
[Round "2"]
[White "michaelk123"]
[Black "MateusViageiro"]
[Result "0-1"]
[WhiteElo "2337"]
[BlackElo "2309"]
[TimeControl "180+2"]
[EndTime "13:22:29 PDT"]
[Termination "MateusViageiro won by resignation"]

1. d4 Nf6 2. Bf4 e6 3. e3 d5 4. Nf3 c5 5. c3 Nc6 6. Nbd2 cxd4 7. exd4 Bd6 8. Bg3 Bxg3 9. hxg3 Qb6 10. Qb3 Qxb3 11. axb3 Bd7 12. b4 h6 13. Bd3 Ke7 14. b5 Nd8 15. Ke2 Ne8 16. g4 f6 17. g5 fxg5 18.
Nxg5 Rf8 19. Ngf3 Nd6 20. Ne5 Be8 21. Rh3 Rf6 22. Rg3 g5 23. Ng4 Bh5 24. b6 a6 25.
Nb3 Nf5 26. Bxf5 exf5 27. Re3+ Kf7 28. Rh1 Bxg4+ 29. f3 f4 30. Re5 Bf5 31. Nc5 Rc8 32. Rxd5 Be6 33. Rd6 Bc4+ 0-1

[Event "*** MasterClass Titled Tuesday Blitz"]
[Site "Chess.com"]
[Date "2017.08.01"]
[Round "2"]
[White "PulpanJ"]
[Black "SidArun"]
[Result "0-1"]
[WhiteElo "2115"]
[BlackElo "2112"]
[TimeControl "180+2"]
[EndTime "13:22:31 PDT"]
[Termination "SidArun won on time"]

1. e4 c6 2. c4 d5 3. cxd5 cxd5 4. exd5 Nf6 5. Qa4+ Bd7 6. Qb3 Qc8 7. Nc3 a6 8. Nf3 b5 9. a4 b4 10. Qxb4 e6 11. b3 Bxb4 12. Bb2 exd5 13. Nd1 Ne4 14. Rc1 Qd8 15. Ne3 Qa5 16. Rc2 O-O 17. Be2 Nc6 18.
O-O d4 19. Nxd4 Nxd4 20. Bxd4 Nxd2 21. Nc4 Nxc4 22. Bxc4 Be6 23. h3 Bxc4 24. Rxc4 Rac8 25.
Rfc1 Rxc4 26. Rxc4 Bd6 27. Bc3 Qd5 28. f4 Qd1+ 29.
Kh2 Qxb3 30. Rd4 Qxc3 31. Rxd6 Qe3 32. Rxa6 Qxf4+ 33. Kh1 Re8 34. Re6 Rxe6 0-1

[Event "*** MasterClass Titled Tuesday Blitz"]
[Site "Chess.com"]
[Date "2017.08.01"]
[Round "2"]
[White "hassler2"]
[Black "Journey_to_GrandMaster_YT"]
[Result "1-0"]
[WhiteElo "2316"]
[BlackElo "2312"]
[TimeControl "180+2"]
[EndTime "13:22:32 PDT"]
[Termination "hassler2 won by checkmate"]

1. b3 d6 2. Bb2 e5 3. e3 Nd7 4. d4 Ngf6 5. Nf3 e4 6. Nfd2 d5 7.
c4 c6 8. Nc3 Bd6 9. Be2 O-O 10.
g4 Bb4 11. h4 Ne8 12. g5 Nd6 13. Qc2 a6 14. O-O-O b5 15. c5 Nf5 16. h5 Qxg5 17. Rdg1 Qf6 18. Ncxe4 dxe4 19. Nxe4 Qh6 20. Ng5 Nf6 21. Bd3 Ne7 22. d5 Nexd5 23. Nxh7 Kh8 24. Kb1 Rg8 25. Ng5 Be6 26. a3 Ba5 27. Nxe6 fxe6 28.
Rg6 Nxe3 29. fxe3 Qxe3 30. h6 Nh7 31. hxg7+ Rxg7 32. Rxg7 e5 33. Rhxh7# 1-0

[Event "*** MasterClass Titled Tuesday Blitz"]
[Site "Chess.com"]
[Date "2017.08.01"]
[Round "2"]
[White "matein28"]
[Black "ehrenfeld"]
[Result "1/2-1/2"]
[WhiteElo "2398"]
[BlackElo "2403"]
[TimeControl "180+2"]
[EndTime "13:22:35 PDT"]
[Termination "Game drawn by agreement"]

1. d4 Nf6 2. c4 e6 3. Nf3 Bb4+ 4.
Bd2 a5 5. g3 d6 6. Bg2 Nbd7 7.
O-O e5 8. a3 Bxd2 9. Nbxd2 O-O 10.
e4 Qe7 11. b4 exd4 12. Nxd4 Ne5 13. Qe2 Bg4 14. f3 Bd7 15. N2b3 axb4 16. axb4 g6 17. c5 Rfd8 18. Rfd1 Be8 19. f4 Nc6 20. Nxc6 Bxc6 21.
Rxa8 Rxa8 22. cxd6 cxd6 23. Re1 Re8 24. Nd2 Qc7 25.
Qe3 Bxe4 26. Nxe4 Nxe4 27. Bxe4 d5 28. Qd4 dxe4 29. Rxe4 Qc1+ 30. Kf2 Qc2+ 31. Kf3 Qc6 32. Ke3 Qc1+ 33. Kf2 Qc2+ 34. Kf3 1/2-1/2

[Event "*** MasterClass Titled Tuesday Blitz"]
[Site "Chess.com"]
[Date "2017.08.01"]
[Round "2"]
[White "Fisher-Human"]
[Black "Cruel_Yaro"]
[Result "1-0"]
[WhiteElo "2434"]
[BlackElo "2579"]
[TimeControl "180+2"]
[EndTime "13:22:38 PDT"]
[Termination "Fisher-Human won by resignation"]

1. e4 c5 2. Nc3 a6 3. g3 b5 4. Bg2 Bb7 5. d3 e6 6. Nge2 b4 7. Na4 d5 8. exd5 Bxd5 9. Bxd5 Qxd5 10. O-O Nd7 11. Nf4 Qc6 12. b3 Ngf6 13. Bb2 h5 14. Ng2 Bd6 15. Qe2 O-O-O 16. c3 Kb7 17. cxb4 cxb4 18.
Rac1 Qb5 19. Ne3 Rc8 20. Nc4 Be7 21. Bd4 Rc6 22. Qf3 Rc8 23. Rfe1 Kb8 24. Qf4+ Kb7 25. Qf3 Kb8 26. Qf4+ Kb7 27. h4 R8c7 28. Be5 Nxe5 29.
Rxe5 Nd5 30. Qxf7 Bf6 31. Nd6+ Rxd6 32. Rxc7+ Nxc7 33. Rxb5+ axb5 34. Nc5+ Kc6 1-0

[Event "*** MasterClass Titled Tuesday Blitz"]
[Site "Chess.com"]
[Date "2017.08.01"]
[Round "2"]
[White "olomi007"]
[Black "sergiochess83"]
[Result "1/2-1/2"]
[WhiteElo "2485"]
[BlackElo "2652"]
[TimeControl "180+2"]
[EndTime "13:22:45 PDT"]
[Termination "Game drawn by agreement"]

1. e4 e5 2. Nf3 Nc6 3. Bb5 a6 4.
Ba4 Nf6 5. O-O b5 6. Bb3 Bc5 7. Nc3 O-O 8. d3 h6 9. Nd5 d6 10. c3 Be6 11. d4 Nxe4 12. dxc5 Nxc5 13. Be3 Nxb3 14. axb3 f5 15. Re1 Qd7 16. Nb4 Nxb4 17.
cxb4 f4 18. Bd2 Qf7 19. Bc3 Bxb3 20. Qd2 Bd5 21. Nxe5 dxe5 22. Rxe5 c6 23. Rae1 Qg6 24. f3 Rf7 25. Re8+ Rxe8 26. Rxe8+ Kh7 27. Kf2 Qh5 28. Qd3+ Qf5 29. Qxf5+ Rxf5 30. Re7 Rf7 31. Rxf7 Bxf7 32. Be5 g5 33. h4 Kg6 34. hxg5 hxg5 35. g3 fxg3+ 36.
Bxg3 Kf5 37. Ke3 Bd5 38. Bd6 1/2-1/2

[Event "*** MasterClass Titled Tuesday Blitz"]
[Site "Chess.com"]
[Date "2017.08.01"]
[Round "2"]
[White "Divertissement"]
[Black "krzyzan94"]
[Result "0-1"]
[WhiteElo "2410"]
[BlackElo "2535"]
[TimeControl "180+2"]
[EndTime "13:22:51 PDT"]
[Termination "krzyzan94 won by checkmate"]

1. d4 Nf6 2. Bg5 d5 3. Nd2 Nbd7 4. Ngf3 g6 5. e3 Bg7 6. Be2 O-O 7. O-O c6 8. c4 h6 9. Bh4 Ne4 10. cxd5 cxd5 11. Nxe4 dxe4 12. Nd2 f5 13. Qb3+ Kh7 14. f3 g5 15. Bf2 exf3 16. Bxf3 e5 17. Bd5 Nf6 18.
Be6 exd4 19. exd4 Ng4 20. Nf3 Nxf2 21. Rxf2 g4 22. Ne5 Qxd4 23. Nf7 Qf6 24. Bd5 Bd7 25.
Raf1 Rae8 26. Kh1 Re7 27. Qxb7 Be6 28. Bxe6 Qxe6 29. Ng5+ hxg5 30. Qb3 Qxb3 31. axb3 f4 32. h3 g3 33. Rf3 Rfe8 34. Rc3 Bxc3 35. h4 Re1 36. hxg5 Rxf1# 0-1

[Event "*** MasterClass Titled Tuesday Blitz"]
[Site "Chess.com"]
[Date "2017.08.01"]
[Round "2"]
[White "Saitama_Hero"]
[Black "Ar4uha"]
[Result "1-0"]
[WhiteElo "2224"]
[BlackElo "2449"]
[TimeControl "180+2"]
[EndTime "13:22:54 PDT"]
[Termination "Saitama_Hero won by resignation"]

1. d4 Nf6 2. Bg5 e6 3. Nf3 h6 4.
Bh4 c5 5. e3 Be7 6. Nbd2 b6 7. Bd3 Bb7 8. O-O Nc6 9. c4 O-O 10.
Rc1 cxd4 11. exd4 d5 12. cxd5 Nxd5 13. Bg3 Bf6 14. Ne4 Bxd4 15. Nxd4 Nxd4 16. Nd6 Rb8 17. Qg4 Qf6 18. Rfe1 Nf5 19. Be5 Qg5 20. Qxg5 hxg5 21. Nxf5 exf5 22. Bxb8 Rxb8 23. Bxf5 g6 24. Be4 Nf4 25.
Bxb7 Rxb7 26. Rcd1 Kg7 27. g3 Ne6 28. Rd5 Kf6 29.
Red1 Rc7 30. Rd7 Rc2 31. Rxa7 Rxb2 32. Ra6 g4 33. a4 Ng5 34. Rd6+ Kf5 35. Raxb6 Nh3+ 36. Kf1 Rxf2+ 37. Ke1 Rxh2 38. a5 Ra2 39. a6 Ke4 40.
Rb7 Ng5 41. a7 Ke3 42. Re7+ Ne4 43. Kd1 f5 44. Rd8 Kf3 45. a8=Q Rxa8 46. Rxa8 Kxg3 47.
Ra6 g5 48. Ra5 Kf4 49. Rf7 Ng3 50. Ke1 Kf3 51. Raxf5+ Nxf5 52. Rxf5+ Kg2 53. Rxg5 g3 54. Ke2 Kh2 55. Kf3 g2 56. Rxg2+ Kh1 57. Rg6 1-0

[Event "*** MasterClass Titled Tuesday Blitz"]
[Site "Chess.com"]
[Date "2017.08.01"]
[Round "2"]
[White "scrapnel"]
[Black "DrVelja"]
[Result "1/2-1/2"]
[WhiteElo "2510"]
[BlackElo "2528"]
[TimeControl "180+2"]
[EndTime "13:22:57 PDT"]
[Termination "Game drawn by agreement"]

1. d4 Nf6 2. c4 g6 3. Nc3 Bg7 4. e4 d6 5. Be2 O-O 6. Nf3 e5 7.
dxe5 dxe5 8. Qxd8 Rxd8 9. Bg5 Re8 10. Nd5 Nxd5 11. cxd5 c6 12. Bc4 cxd5 13. Bxd5 Na6 14. O-O-O Nc7 15. Bb3 h6 16. Be3 Be6 17. Bxe6 Nxe6 18.
Kb1 f5 19. Rhe1 f4 20. Bd2 Ng5 21. Nxg5 hxg5 22. Bc3 Rad8 23. f3 Kf7 24. Kc2 Ke6 25. Rxd8 Rxd8 26. Rd1 Rxd1 27. Kxd1 Bf8 28. Ke2 Bd6 29.
Kd3 Kd7 30. Kc4 Kc6 31. a4 a6 32. Bb4 Bxb4 33. Kxb4 b6 34. Kc4 Kd6 35. Kb4 Kc6 36.
Kc4 Kd6 37. b4 Kc6 38. b5+ axb5+ 39. axb5+ Kd6 40. Kb4 Ke6 41. Kc4 Kd6 42. Kb4 Ke6 1/2-1/2

[Event "*** MasterClass Titled Tuesday Blitz"]
[Site "Chess.com"]
[Date "2017.08.01"]
[Round "2"]
[White "peteseeger"]
[Black "Makalexa"]
[Result "0-1"]
[WhiteElo "2097"]
[BlackElo "2161"]
[TimeControl "180+2"]
[EndTime "13:23:02 PDT"]
[Termination "Makalexa won by resignation"]

1. e4 e5 2. Nf3 Nc6 3. d4 exd4 4. Nxd4 Bc5 5. Be3 Qf6 6. c3 Nge7 7. Bc4 O-O 8. O-O b6 9. Qd2 d5 10. Nxc6 dxc4 11.
Bxc5 bxc5 12. Nxe7+ Qxe7 13. f3 Rb8 14. Na3 Ba6 15.
Rfd1 Rfd8 16. Qe2 Rxd1+ 17. Rxd1 h6 18. b3 Qf6 19. Nxc4 Qxc3 20. Qd2 Qxd2 21. Rxd2 Bxc4 22. bxc4 Rb4 23. Rd8+ Kh7 24. Rd7 Rxc4 25. Rxc7 Rc1+ 26. Kf2 Rc2+ 27. Kg3 Rxa2 28. Rxc5 a5 29. Rc7 Kg6 30. f4 Ra3+ 31. Kg4 h5+ 32. Kh4 a4 33. h3 Ra2 34. g4 hxg4 35. hxg4 a3 36. e5 Ra1 37. f5+ Kh7 38. e6 fxe6 39. fxe6 Rh1+ 40. Kg5 a2 0-1

[Event "*** MasterClass Titled Tuesday Blitz"]
[Site "Chess.com"]
[Date "2017.08.01"]
[Round "2"]
[White "TenisMaster"]
[Black "Sharafiev_Azat"]
[Result "1-0"]
[WhiteElo "2677"]
[BlackElo "2255"]
[TimeControl "180+2"]
[EndTime "13:23:07 PDT"]
[Termination "TenisMaster won by resignation"]

1. e4 d6 2. d4 Nf6 3. Nc3 e5 4. Nf3 Nbd7 5. Bc4 Be7 6. O-O O-O 7. a4 a5 8. Re1 c6 9. h3 h6 10. b3 Nh7 11. Bb2 Ng5 12. Nxg5 Bxg5 13. Ne2 Re8 14.
Ng3 exd4 15. Bxd4 Bf6 16. Nh5 Bxd4 17. Qxd4 Qg5 18. Ng3 Qc5 19. Rad1 Ne5 20. Qxd6 Qxd6 21. Rxd6 Nxc4 22. bxc4 Ra6 23. Rb1 Kf8 24. f4 Ke7 25. e5 Rd8 26. c5 Ra7 27. Nh5 Bf5 28. Rb2 g5 29. g4 Be4 30. f5 Bd5 31. Nf6 Bc4 32.
Nh5 Ba6 33. f6+ Ke8 34. Ng7+ 1-0

[Event "*** MasterClass Titled Tuesday Blitz"]
[Site "Chess.com"]
[Date "2017.08.01"]
[Round "2"]
[White "ChessNinja48"]
[Black "chesswooog"]
[Result "1-0"]
[WhiteElo "2303"]
[BlackElo "2217"]
[TimeControl "180+2"]
[EndTime "13:23:08 PDT"]
[Termination "ChessNinja48 won by resignation"]

1. d4 Nf6 2. Nf3 e6 3. c4 b6 4. a3 Bb7 5. Nc3 Be7 6. Qc2 d5 7. cxd5 exd5 8. Bf4 c6 9. e3 O-O 10. Bd3 Nbd7 11. O-O Rc8 12. Qa4 a5 13. h3 c5 14. Bb5 Nb8 15. dxc5 bxc5 16. Rad1 Bc6 17. Ne5 Bxb5 18. Qxb5 d4 19. exd4 cxd4 20. Ne2 Bc5 21. Nf3 Nd5 22. Bxb8 Qe7 23. Bg3 Rfe8 24. Nexd4 Nf6 25. Nf5 Qe6 26. Nd6 Bxd6 27. Rxd6 Qe7 28. Rb6 Ne4 29. Bh2 h6 30. Qxa5 Rc2 31. Qb4 Qd7 32. Rb8 Rxb8 33. Qxb8+ Kh7 34. Qb3 Qc6 35. Nd4 Qc4 36. Qxc2 Qxd4 37. Rd1 1-0

[Event "*** MasterClass Titled Tuesday Blitz"]
[Site "Chess.com"]
[Date "2017.08.01"]
[Round "2"]
[White "Sebastian"]
[Black "biostatistician"]
[Result "1-0"]
[WhiteElo "2787"]
[BlackElo "2464"]
[TimeControl "180+2"]
[EndTime "13:23:10 PDT"]
[Termination "Sebastian won on time"]

1. e4 e6 2. d4 d5 3. Nc3 Nf6 4. e5 Nfd7 5. f4 c5 6. Nf3 Nc6 7. Be3 a6 8. Qd2 b5 9. dxc5 Bxc5 10. Ne2 Qb6 11. Bxc5 Nxc5 12. Ned4 Ne4 13. Qe3 O-O 14. Bd3 Bb7 15. O-O Rad8 16. Rae1 Rfe8 17. Nxc6 Qxe3+ 18. Rxe3 Bxc6 19. Nd4 Bb7 20. c3 f6 21.
exf6 gxf6 22. f5 e5 23. Ne6 Rd7 24. Bxe4 dxe4 25. Nc5 Rc7 26. Nxb7 Rxb7 27. Rxe4 Rd8 28. g4 Rbd7 29. Rf2 Kf7 30. Kg2 h5 31. h3 Rd3 32. a4 h4 33. axb5 axb5 34. Rb4 Rg3+ 35.
Kf1 Rxh3 36. Rxb5 Rg3 37. Rb7+ Kg8 38. Rb6 Kg7 39. Rb7+ Kh6 40. Rf7 Rd6 41. c4 Rxg4 42. c5 Rc6 43. Rc2 h3 44. Rf8 Kg7 45. Rd8 Rf4+ 46.
Kg1 Rxf5 47. b4 Ra6 48. c6 Ra1+ 49. Kh2 1-0

[Event "*** MasterClass Titled Tuesday Blitz"]
[Site "Chess.com"]
[Date "2017.08.01"]
[Round "2"]
[White "pawnhopper316"]
[Black "TastyFrenchFries"]
[Result "0-1"]
[WhiteElo "1996"]
[BlackElo "1914"]
[TimeControl "180+2"]
[EndTime "13:23:10 PDT"]
[Termination "TastyFrenchFries won by resignation"]

1. e4 e6 2. d4 d5 3. Nc3 Bb4 4.
e5 c5 5. a3 Bxc3+ 6. bxc3 Ne7 7. Qg4 Qc7 8. Qxg7 Rg8 9. Qxh7 cxd4 10. Qd3 Qxe5+ 11. Ne2 dxc3 12. Bf4 Qh5 13. Nxc3 a6 14. Bxb8 Rxb8 15. Rb1 Nc6 16. Ne2 Bd7 17. Nd4 Qe5+ 18. Ne2 Na5 19. Qd4 Qd6 20. Ng3 e5 21. Qa7 Nc6 22.
Qb6 Qxa3 23. Be2 Qc3+ 24. Kf1 Qxc2 25. h4 f5 26. h5 f4 27. h6 fxg3 28. h7 Rh8 29.
Rd1 Qf5 30. f3 Rxh7 31. Rg1 d4 32. Bd3 Qh5 33. Bxh7 Qxh7 34. Re1 Qc2 35. Re2 Qc1+ 36. Re1 Qc2 37. Re2 Qd1+ 38. Re1 Qd3+ 39. Re2 Ne7 40. Qd6 Rc8 0-1

[Event "*** MasterClass Titled Tuesday Blitz"]
[Site "Chess.com"]
[Date "2017.08.01"]
[Round "2"]
[White "TigranLPetrosyan"]
[Black "jb2mix"]
[Result "1-0"]
[WhiteElo "2743"]
[BlackElo "2462"]
[TimeControl "180+2"]
[EndTime "13:23:11 PDT"]
[Termination "TigranLPetrosyan won on time"]

1. Nf3 Nf6 2. g3 d5 3. Bg2 c6 4.
c4 Bg4 5. Ne5 Be6 6. O-O Nbd7 7. cxd5 Bxd5 8. Nf3 c5 9. Nc3 Bc6 10. Re1 e6 11. e4 Be7 12. d4 cxd4 13. Nxd4 Nc5 14. Nxc6 bxc6 15. Be3 O-O 16. Qc2 Qd3 17.
Rac1 Rfd8 18. f3 a5 19. Bf1 Qxc2 20. Rxc2 Nd3 21. Bxd3 Rxd3 22. Na4 Bb4 23. Ree2 Nd7 24. Kg2 Ne5 25. Nb6 Rad8 26. Nc4 Nxc4 27. Rxc4 Rc8 28. Kf2 h6 29. Rec2 Be7 30. Ke2 Rd7 31. Rxc6 Rxc6 32. Rxc6 Bf6 33. b3 a4 34. bxa4 Rb7 35. Bb6 1-0